 Dungeon Sprint DCSS version 0.24.1-14-gf8d2b509d9 (webtiles) character file.

Game seed: 16874341644076053652, levelgen mode: deterministic

52740 Baz the Peltast (level 14, -3/131 HPs)
             Began as a Formicid Fighter on Oct 2, 2020.
             Was the Champion of Okawaru.
             Slain by an ettin (26 damage)
             ... in the Dungeon (Sprint III: "The Ten Rune Challenge").
             The game lasted 00:24:25 (5675 turns).

Baz the Peltast (Formicid Fighter)                  Turns: 5675, Time: 00:24:25

Health: -3/131     AC: 24    Str: 25    XL:     14   Next: 41%
Magic:  19/26      EV: 11    Int: 12    God:    Okawaru [******]
Gold:   668        SH: 25    Dex: 10    Spells: 13/13 levels left

rFire    . . .     SeeInvis +   F - +6 lajatang (vamp)
rCold    + . .     Gourm    .   B - +0 large shield of Integrity {Int+3} (curse)
rNeg     + . .     Faith    .   v - +6 chain mail "Wosmao Luics" {rC+ rN+}
rPois    .         Spirit   .   (helmet unavailable)
rElec    .         Reflect  .   (no cloak)
rCorr    .         Harm     .   (no gloves)
MR       ++...                  (no boots)
Stlth    ..........             (no amulet)
HPRegen  0.31/turn              (no ring)
MPRegen  0.20/turn              (no ring)

@: heroism, finesse
A: permanent stasis, dig shafts and tunnels, four strong arms, antennae 3, icy
blue scales 1, magic resistance 1, MP-powered wands
}: 1/10 runes: serpentine
a: Dig, Heroism, Finesse, Renounce Religion


You were in the Dungeon.
You worshipped Okawaru.
Okawaru was exalted by your worship.
You were not hungry.

You visited 1 branch You collected 1040 gold pieces.
You spent 372 gold pieces at shops.

Inventory:

Hand Weapons
 a - a +0 quarterstaff
 b - the +2 lajatang of Cobwebs {slice, Int+6}
   (Okawaru gifted it to you in the Dungeon)

   It inflicts extra damage upon your enemies.
   It affects your intelligence (+6).
 F - a +6 vampiric lajatang (weapon)
Armour
 c - a +0 shield
 d - a +1 plate armour
 v - the +6 chain mail "Wosmao Luics" (worn) {rC+ rN+}
   (Okawaru gifted it to you in the Dungeon)

   It protects you from cold.
   It protects you from negative energy.
 B - the cursed +0 large shield of Integrity (worn) {Int+3}
   (You found it in the Dungeon)

   It affects your intelligence (+3).
   It has a curse placed upon it.
Jewellery
 C - a +4 ring of strength {unknown}
 D - a cursed -3 ring of intelligence {unknown}
Wands
 g - a wand of flame (12)
 l - a wand of polymorph (9)
 m - a wand of acid (7)
Scrolls
 k - a scroll of blinking
 p - 2 scrolls of remove curse
 r - a scroll of torment {unknown}
 y - a scroll of fear {unknown}
 A - a scroll of amnesia
Potions
 h - 2 potions of haste
 i - 2 potions of magic
 j - 2 potions of berserk rage
 q - 4 potions of flight
 t - 4 potions of mutation
 w - a potion of cancellation
 x - a potion of lignification
Comestibles
 f - 13 rations


   Skills:
 + Level 18.3(23.3) Fighting
 + Level 16.9(21.9) Staves
 + Level 18.3(23.3) Armour
 + Level 19.6(24.6) Shields
 + Level 17.5 Invocations


You had 13 spell levels left.
You didn't know any spells.
Your spell library contained the following spells:

 Spells                   Type           Power        Failure   Level  Hunger
 Confusing Touch          Hex            #.....       65%         1    ##.....
 Confuse                  Hex            #.......     95%         3    ####...
 Gell's Gravitas          Tloc           #.........   95%         3    ####...
 Petrify                  Tmut/Erth      #.......     100%        4    #####..
 Metabolic Englaciation   Hex/Ice        #.........   100%        5    ######.
 Yara's Violent Unravell  Hex/Tmut       #.........   100%        5    ######.


Dungeon Overview and Level Annotations

Branches:
Dungeon (1/1)

Altars:
Dithmenos
Elyvilon
Fedhas
Kikubaaqudgha
Okawaru
Qazlal
Ru
Sif Muna
Trog
Uskayaw
Vehumet
Wu Jian
Yredelemnul
Zin
The Shining One
Beogh

Shops:
D [?:(%[:


Innate Abilities, Weirdness & Mutations

You cannot be hasted, slowed, berserked, paralysed or teleported.
You can dig through walls and to a lower floor.
Your four strong arms can wield two-handed weapons with a shield.
You have a pair of large antennae on your head. (SInv)
You are partially covered in icy blue scales. (AC +2)
You are resistant to hostile enchantments. (MR+)
You expend magic power (3 MP) to strengthen your wands.


Message History

You enter the shallow water.
Moving in this stuff is going to be slow.
You close the door.
Something unseen opens the door.
You gain the combat prowess of a mighty hero.
You can now deal lightning-fast blows.
Unknown command.
You slice the ettin!!
The ettin is heavily wounded.
Unknown command.
Your chain mail "Wosmao Luics" prevents you from hitting the ettin.
The ettin is heavily wounded.
Unknown command.
You slice the ettin!!
The ettin is almost dead.
Unknown command.
You hit the ettin but do no damage.
The ettin is almost dead.
You block the ettin's attack. The ettin hits you!!
You die...

.'.⌠..).....#.#####.#.# {{
.#...######'#....#.#### .#.⌠.#
#...#'################### .#...#
#...#..§§)'[#.'...'.#.#.# .#'###
#...#.#§§§#.#.#.).##.#.#. .#)).#
#...'.#§§§#.#.#)).#.#.#.#
.#___#__'...#.#...#...#...##.#.#.
▓▓▓▓▓▓▓▓▓▓▓▓▓▓▓▓▓▓▓▓▓▓▓▓▓▓#.#.#.#
.....♣♣♣♣≈≈≈...C@...≈≈≈...##.#.#.
.≈≈≈≈'♣♣'♣≈≈≈≈≈≈≈≈≈≈≈≈♣♣..'.#)#.#
.....#[≈♣♣♣♣♣♣♣♣♣♣♣♣♣♣♣♣PP##)#.#.
♣♣♣♣♣#..♣♣ ♣♣♣##'####
###+♣♣♣♣♣♣♣♣♣♣♣♣♣♣♣♣♣#...+.≈ ♣
♣♣♣♣.##..##≈≈≈≈≈≈..#(○#...#.≈ ♣♣
♣...##.##.#≈≈≈≈≈...#)§#...#.# '♣
♣♣.##.##(##'≈≈≈≈≈####'#####.# .♣
♣..#.##..)#≈≈(°.○°☼°.#{ .#


You could see an ettin.

Vanquished Creatures
  Rupert (D)
  Polyphemus (D)
  Frances (D)
  Donald (D)
  Gastronok (D)
  A nagaraja (D)
  Ilsuiw (D)
  2 dire elephants (D)
  Josephine (D)
  2 hydras (D)
  A centaur warrior (D)
  A naga warrior (D)
  7 anacondas (D)
  4 death yaks (D)
  Urug (D)
  A spriggan druid (D)
  An unseen horror (D)
  A death drake (D)
  A sea snake (D)
  A lindwurm (D)
  An orc knight (D)
  An orc sorcerer (D)
  A deep elf mage (D)
  A moth of wrath (D)
  2 elephants (D)
  A guardian serpent (D)
  7 black mambas (D)
  2 spiny frogs (D)
  A rime drake (D)
  A komodo dragon (D)
  3 wandering mushrooms (D)
  A queen bee (D)
  2 tyrant leeches (D)
  8 blink frogs (D)
  3 dream sheep (D)
  A shadow (D)
  2 spriggans (D)
  3 redbacks (D)
  A spatial vortex (D)
  2 nagas (D)
  5 water moccasins (D)
  A hydra simulacrum (D)
  An orc warrior (D)
  A swamp drake (D)
  A fire dragon simulacrum (D)
  2 black mamba simulacra (D)
  A necrophage (D)
  2 centaurs (D)
  An earth elemental (D)
  A water elemental (D)
  31 killer bees (D)
  An electric eel (D)
  A jelly (D)
  4 orc priests (D)
  A wizard (D)
  2 orc wizards (D)
  Jessica (D)
  A necromancer (D)
  A kobold demonologist (D)
  3 humans (D)
  A wolf (D)
  4 adders (D)
  An ooze (D)
  9 orcs (D)
  2 rats (D)
154 creatures vanquished.

Vanquished Creatures (others)
  2 draconian scorchers (D)
  2 yaktaurs (D)
  6 hellions (D)
  6 plants (D)
16 creatures vanquished.

Grand Total: 170 creatures vanquished

Notes
Turn   | Place    | Note
-------+----------+-------------------------------------------
     0 | D        | Baz the Formicid Fighter began the quest for the Orb.
     0 | D        | Reached XP level 1. HP: 18/18 MP: 1/1
     7 | D        | Reached skill level 4 in Shields
    13 | D        | Noticed Jessica
    15 | D        | Killed Jessica
    15 | D        | Reached skill level 5 in Shields
    15 | D        | Reached XP level 2. HP: 25/26 MP: 2/2
    15 | D        | Reached XP level 3. HP: 30/31 MP: 3/3
    52 | D        | Reached skill level 5 in Fighting
    52 | D        | Reached skill level 5 in Armour
    57 | D        | Reached XP level 4. HP: 33/39 MP: 4/4
    72 | D        | Noticed a water elemental
    78 | D        | Killed a water elemental
    78 | D        | Reached skill level 5 in Staves
    78 | D        | Reached skill level 6 in Shields
    78 | D        | Reached XP level 5. HP: 22/46 MP: 5/5
    84 | D        | Killed a hellion
    91 | D        | Killed a hellion
    91 | D        | Killed a hellion
   113 | D        | Killed a hellion
   114 | D        | Killed a hellion
   116 | D        | Killed a hellion
   155 | D        | Killed a white draconian scorcher
   168 | D        | Killed a white draconian scorcher
   235 | D        | Killed a yaktaur
   265 | D        | Gained mutation: You expend magic power (3 MP) to
                  | strengthen your wands. [potion of mutation]
   265 | D        | Gained mutation: You are partially covered in icy blue
                  | scales. (AC +2) [potion of mutation]
   265 | D        | Gained mutation: You are resistant to hostile enchantments.
                  | (MR+) [potion of mutation]
   268 | D        | Found a glowing silver altar of Zin.
   269 | D        | Found a glowing golden altar of the Shining One.
   269 | D        | Found a white marble altar of Elyvilon.
   269 | D        | Noticed a deep elf mage
   280 | D        | Noticed an ice beast
   281 | D        | Noticed an ice beast
   289 | D        | Noticed an ice beast
   292 | D        | Killed a deep elf mage
   292 | D        | Reached skill level 9 in Shields
   292 | D        | Reached XP level 6. HP: 16/57 MP: 6/6
   292 | D        | Reached XP level 7. HP: 17/63 MP: 7/7
   519 | D        | Found a hide-covered altar of Uskayaw.
   519 | D        | Found a roughly hewn altar of Beogh.
   519 | D        | Found an iron altar of Okawaru.
   519 | D        | Found a bloodstained altar of Trog.
   519 | D        | Found an ornate altar of the Wu Jian Council.
   519 | D        | Noticed a human
   519 | D        | Noticed a human
   538 | D        | Killed a human
   538 | D        | Reached skill level 10 in Shields
   557 | D        | Killed a human
   557 | D        | Reached XP level 8. HP: 55/72 MP: 8/8
   573 | D        | Became a worshipper of Warmaster Okawaru
   637 | D        | Found a radiant altar of Vehumet.
   639 | D        | Found a shimmering blue altar of Sif Muna.
   639 | D        | Found an ancient bone altar of Kikubaaqudgha.
   687 | D        | Found a basalt altar of Yredelemnul.
   687 | D        | Found a shadowy altar of Dithmenos.
   687 | D        | Found a sacrificial altar of Ru.
   694 | D        | Reached skill level 10 in Fighting
   694 | D        | Reached skill level 10 in Armour
   694 | D        | Reached skill level 1 in Invocations
   767 | D        | Noticed a shadow
   778 | D        | Killed a shadow
   778 | D        | Reached * piety under Okawaru
   778 | D        | Reached skill level 11 in Shields
   848 | D        | Noticed Josephine
   866 | D        | Killed Josephine
   866 | D        | Reached skill level 10 in Staves
   866 | D        | Reached skill level 12 in Shields
   866 | D        | Reached skill level 5 in Invocations
   866 | D        | Reached XP level 9. HP: 41/81 MP: 9/13
  1277 | D        | Noticed a centaur warrior
  1291 | D        | Killed a centaur warrior
  1291 | D        | Reached ** piety under Okawaru
  1299 | D        | Reached *** piety under Okawaru
  1299 | D        | Reached XP level 10. HP: 69/89 MP: 13/15
  1382 | D        | Noticed an unseen horror
  1410 | D        | Killed an unseen horror
  1410 | D        | Reached skill level 13 in Shields
  1453 | D        | Noticed an orc sorcerer
  1473 | D        | Killed an orc sorcerer
  1696 | D        | Noticed an orc knight
  1718 | D        | Killed an orc knight
  1942 | D        | Found Bemn's Weapon Emporium.
  1946 | D        | Found a blossoming altar of Fedhas.
  1946 | D        | Found a stormy altar of Qazlal.
  2023 | D        | Bought the +1 quarterstaff "Beetleslayer" {flame, Fragile
                  | rC+ Dex+5 Stlth+} for 372 gold pieces
  2102 | D        | Reached **** piety under Okawaru
  2273 | D        | Noticed a spiny frog
  2273 | D        | Noticed a komodo dragon
  2273 | D        | Noticed a spiny frog
  2282 | D        | Killed a spiny frog
  2282 | D        | Reached skill level 14 in Shields
  2282 | D        | Reached skill level 10 in Invocations
  2284 | D        | Killed a spiny frog
  2284 | D        | Reached XP level 11. HP: 92/98 MP: 16/18
  2600 | D        | Noticed Rupert
  2626 | D        | Killed Rupert
  2626 | D        | Reached ***** piety under Okawaru
  2626 | D        | Reached skill level 15 in Shields
  2635 | D        | Noticed an azure jelly
  2635 | D        | Noticed an azure jelly
  2635 | D        | Noticed an azure jelly
  2635 | D        | Noticed an azure jelly
  2695 | D        | Noticed an elephant
  2695 | D        | Noticed an elephant
  2707 | D        | Killed an elephant
  2709 | D        | Noticed a dire elephant
  2709 | D        | Noticed a dire elephant
  2709 | D        | Noticed Gastronok
  2732 | D        | Killed a dire elephant
  2732 | D        | Received a gift from Okawaru
  2784 | D        | Killed an elephant
  2784 | D        | Reached XP level 12. HP: 47/108 MP: 18/21
  2797 | D        | Killed a dire elephant
  2806 | D        | Killed Gastronok
  2806 | D        | Reached skill level 15 in Fighting
  2806 | D        | Reached skill level 15 in Armour
  2806 | D        | Reached skill level 16 in Shields
  2821 | D        | Got a dazzling chain mail {god gift}
  2832 | D        | Identified the +6 chain mail "Wosmao Luics" {rC+ rN+}
                  | (Okawaru gifted it to you in the Dungeon)
  3239 | D        | Noticed Urug
  3247 | D        | Killed Urug
  3497 | D        | Noticed a five-headed hydra
  3497 | D        | Noticed a four-headed hydra
  3515 | D        | Killed a five-headed hydra
  3524 | D        | Killed a four-headed hydra
  3680 | D        | Noticed a death drake
  3691 | D        | Killed a death drake
  3744 | D        | Found a blossoming altar of Fedhas.
  3744 | D        | Noticed a spriggan druid
  3751 | D        | Killed a spriggan druid
  3759 | D        | Reached skill level 17 in Shields
  3862 | D        | Received a gift from Okawaru
  3896 | D        | Got a jewelled lajatang {god gift}
  4106 | D        | Got a faintly glowing large shield
  4253 | D        | Identified the cursed +0 large shield of Integrity {Int+3}
                  | (You found it in the Dungeon)
  4270 | D        | Identified the +2 lajatang of Cobwebs {slice, Int+6}
                  | (Okawaru gifted it to you in the Dungeon)
  4302 | D        | Noticed Donald
  4302 | D        | Noticed Frances
  4321 | D        | Killed Donald
  4321 | D        | Reached XP level 13. HP: 109/117 MP: 16/23
  4334 | D        | Killed Frances
  4334 | D        | Reached skill level 15 in Staves
  4377 | D        | Reached skill level 15 in Invocations
  4597 | D        | Received a gift from Okawaru
  4618 | D        | Reached skill level 18 in Shields
  4834 | D        | Reached ****** piety under Okawaru
  4856 | D        | Noticed an anaconda
  4856 | D        | Noticed an anaconda
  4865 | D        | Killed an anaconda
  4871 | D        | Killed an anaconda
  4879 | D        | Noticed an anaconda
  4885 | D        | Killed an anaconda
  4905 | D        | Noticed an anaconda
  4905 | D        | Noticed an anaconda
  4905 | D        | Noticed an anaconda
  4905 | D        | Noticed an anaconda
  4915 | D        | Killed an anaconda
  4921 | D        | Killed an anaconda
  4921 | D        | Received a gift from Okawaru
  4936 | D        | Killed an anaconda
  4936 | D        | Reached XP level 14. HP: 78/128 MP: 21/26
  4952 | D        | Reached skill level 19 in Shields
  5066 | D        | Noticed a nagaraja
  5100 | D        | Killed a nagaraja
  5285 | D        | Found Pixoeba's Antique Armour Boutique.
  5285 | D        | Found Funuuleu's Magic Scroll Emporium.
  5289 | D        | Found Ziugg's Book Shop.
  5330 | D        | Got a serpentine rune of Zot
  5486 | D        | Noticed Polyphemus
  5514 | D        | Killed Polyphemus
  5538 | D        | Noticed Ilsuiw
  5566 | D        | Killed Ilsuiw
  5599 | D        | Found Xoutov's Food Emporium.
  5612 | D        | Found Vovauth's Antique Armour Shop.
  5613 | D        | Found Dybeog's Book Shoppe.
  5675 | D        | Slain by an ettin

Levels and vault maps discovered:
D:        dungeon_sprint_mu [sprint_mu_entry_forest, sprint_mu_temple_rooms,
          sprint_mu_d1_horrors, sprint_mu_d2_genie, sprint_mu_d3_branching,
          sprint_mu_orc_legion, sprint_mu_elf_gauntlet, sprint_mu_hive_nellie,
          sprint_mu_lair_fedhas, sprint_mu_vaults_butterflies,
          sprint_mu_slime_circle, sprint_mu_shoals_archi,
          sprint_mu_snake_twists, sprint_mu_blade_basic,
          sprint_mu_crypt_fortress, sprint_mu_tomb_spiral,
          sprint_mu_vestibule_basic, sprint_mu_gehenna_hellfire,
          sprint_mu_dis_giant, sprint_mu_tartarus_statrot,
          sprint_mu_cocytus_islands, sprint_mu_zot1]

Skill      XL: |  1  2  3  4  5  6  7  8  9 10 11 12 13 14 |
---------------+-------------------------------------------+-----
Shields        | 5 6 9 10 12 14 15 17 18 19 | 19.6
Fighting       | 4 5 6 8 9 11 13 14 16 17 18 | 18.3
Staves         | 3 4 5 7 8 10 12 13 14 16 | 16.9
Armour         | 4 5 6 8 9 11 13 14 16 17 18 | 18.3
Invocations    | 5 7 10 12 14 16 17 | 17.5

Action                   |  1- 3 |  4- 6 |  7- 9 | 10-12 | 13-15 || total
-------------------------+-------+-------+-------+-------+-------++-------
Melee: Quarterstaff      |    16 |    26 |   104 |   367 |   172 ||   685
       Lajatang          |       |       |       |       |   204 ||   204
Invok: Heroism           |       |       |     3 |    17 |     7 ||    27
       Finesse           |       |       |       |     3 |     3 ||     6
Evoke: Wand              |       |       |       |     2 |     1 ||     3
  Use: Potion            |     1 |     2 |       |     1 |     2 ||     6
       Scroll            |       |       |       |     4 |     5 ||     9
  Eat: Ration            |       |       |     1 |     1 |     1 ||     3
       Chunk             |       |       |       |     6 |     2 ||     8
Armor: Scale mail        |     5 |    18 |    15 |    11 |       ||    49
       Plate armour      |       |       |       |    32 |       ||    32
       Chain mail        |       |       |       |    45 |    57 ||   102
Dodge: Dodged            |     5 |    10 |    26 |    74 |    39 ||   154
Block: Shield            |     7 |    12 |    46 |   151 |       ||   216
       Large shield      |       |       |       |     4 |   310 ||   314
